 Dungeon Sprint DCSS version 0.30-a0-859-gf88a04b62d (webtiles) character file.

Game seed: 5597269918317212602

861 rocky1 the Skirmisher (level 7, -14/69 HPs)
             Began as a Minotaur Hunter on Mar 7, 2023.
             Was a Priest of Okawaru.
             Demolished by a black mamba (16 damage)
             ... in the Dungeon (Sprint VII: "The Pits").
             The game lasted 00:03:39 (1198 turns).

rocky1 the Skirmisher (Minotaur Hunter)             Turns: 1198, Time: 00:03:39

Health: -14/69     AC:  4    Str: 15    XL:     7   Next: 71%
Magic:  6/6        EV: 15    Int:  6    God:    Okawaru [***...]
Gold:   0          SH:  0    Dex: 16    Spells: 6/6 levels left

rFire   . . .      SeeInvis .    b - +0 long sword (holy)
rCold   . . .      Faith    .    (no shield)
rNeg    . . .      Spirit   .    c - +0 leather armour
rPois   .          Reflect  .    (helmet restricted)
rElec   .          Rampage  .    (no cloak)
rCorr   .          NoTele   +    (no gloves)
Will    .....                    (no boots)
Stlth   ++                       (no amulet)
HPRegen 0.31/turn                (no ring)
MPRegen 0.10/turn                (no ring)

@: no status effects
A: horns 2, retaliatory headbutt
a: Renounce Religion, Heroism


You were in the Dungeon.
You worshipped Okawaru.
Okawaru was most pleased with you.
You visited 1 branch

Inventory:

Hand Weapons
 a - a +0 shortbow
 b - a +0 long sword of holy wrath (weapon)
 m - a +2 falchion
Armour
 c - a +0 leather armour (worn)
Scrolls
 k - 5 scrolls of amnesia
 l - a scroll of immolation
Potions
 d - 4 potions of curing
 f - a potion of haste
 g - 5 potions of magic
 h - 2 potions of berserk rage
 j - 2 potions of invisibility


   Skills:
 + Level 8.8 Fighting
 + Level 9.2 Long Blades
 + Level 11.4 Ranged Weapons
 + Level 8.3 Armour
 + Level 6.4 Dodging
 + Level 1.8 Stealth
 + Level 0.8 Invocations


You had 6 spell levels left.
You didn't know any spells.
Your spell library was empty.

Dungeon Overview and Level Annotations

Branches:
Dungeon (1/1)

Altars:
Ashenzari
Cheibriados
Dithmenos
Elyvilon
Fedhas
Gozag
Hepliaklqana
Kikubaaqudgha
Makhleb
Nemelex Xobeh
Okawaru
Qazlal
Ru
Sif Muna
Trog
Uskayaw
Vehumet
Wu Jian
Xom
Yredelemnul
Zin
The Shining One
Jiyva
Lugonu


Innate Abilities, Weirdness & Mutations

You have a pair of horns on your head.
You reflexively headbutt those who attack you in melee.


Message History

The black mamba misses you. The black mamba bites you.
You miss the black mamba. Your headbutt misses the black mamba.
The black mamba is lightly wounded.
The black mamba bites you but does no damage.
The black mamba bites you!
You miss the black mamba. You headbutt the black mamba!
You punch the black mamba.
The black mamba is heavily wounded.
The black mamba misses you.
You hit the black mamba but do no damage.
You headbutt the black mamba, but do no damage.
The black mamba is heavily wounded.
The black mamba barely misses you.
The black mamba bites you but does no damage.
You hit the black mamba. You headbutt the black mamba.
The black mamba is severely wounded.
The black mamba bites you!
* * * LOW HITPOINT WARNING * * *
The black mamba bites you!
* * * LOW HITPOINT WARNING * * *
You feel better. The black mamba bites you!
* * * LOW HITPOINT WARNING * * *
You hit the black mamba but do no damage.
Your headbutt misses the black mamba.
The black mamba is severely wounded.
The black mamba bites you but does no damage.
The black mamba barely misses you.
You miss the black mamba.
The black mamba is severely wounded.
The black mamba misses you. The black mamba completely misses you.
You furiously retaliate!
You headbutt the black mamba, but do no damage.
You barely miss the black mamba. Your headbutt misses the black mamba.
Your punch misses the black mamba.
The black mamba is severely wounded.
The black mamba misses you. The black mamba closely misses you.
You hit the black mamba.
The black mamba is severely wounded.
The black mamba bites you!
You die...

#)#........##.......#
#)#........##.......#
#)###########.......#
#).#.#.## #########
#.......# ##.#.#.##
#.......#+#
##.#.#.##S+
#.......#@#
##.#.#..')#
##########


You could see a black mamba.

Vanquished Creatures
  Pikel (D)
  An ice beast (D)
  A phantom (D)
  A necrophage (D)
  A gnoll sergeant (D)
  An orc wizard (D)
  An adder (D)
  6 gnolls (D)
  A river rat (D)
  An orc (D)
  A goblin (D)
  A hobgoblin (D)
  2 quokkas (D)
  A ball python (D)
  A rat (D)
21 creatures vanquished.

Notes
Turn   | Place    | Note
-------+----------+-------------------------------------------
     0 | D        | rocky1 the Minotaur Hunter began the quest for the Orb.
     0 | D        | Reached XP level 1. HP: 18/18 MP: 0/0
    24 | D        | Reached skill level 5 in Ranged Weapons
    33 | D        | Found a bloodstained altar of Trog.
    33 | D        | Found a shimmering blue altar of Sif Muna.
    33 | D        | Found a viscous altar of Jiyva.
    33 | D        | Found a hazy altar of Hepliaklqana.
    33 | D        | Found an opulent altar of Gozag.
    34 | D        | Found a glowing golden altar of the Shining One.
    34 | D        | Found a glowing silver altar of Zin.
    34 | D        | Found a basalt altar of Yredelemnul.
    34 | D        | Found a shimmering altar of Xom.
    34 | D        | Found an ornate altar of the Wu Jian Council.
    34 | D        | Found a sacrificial altar of Ru.
    34 | D        | Found a stormy altar of Qazlal.
    34 | D        | Found an iron altar of Okawaru.
    34 | D        | Found a sparkling altar of Nemelex Xobeh.
    34 | D        | Found a burning altar of Makhleb.
    34 | D        | Found a blossoming altar of Fedhas.
    34 | D        | Found a white marble altar of Elyvilon.
    34 | D        | Found a shadowy altar of Dithmenos.
    34 | D        | Found a snail-covered altar of Cheibriados.
    37 | D        | Found a corrupted altar of Lugonu.
    37 | D        | Found a radiant altar of Vehumet.
    38 | D        | Found an ancient bone altar of Kikubaaqudgha.
    38 | D        | Found a hide-covered altar of Uskayaw.
    38 | D        | Found a broken altar of Ashenzari.
    48 | D        | Became a worshipper of Warmaster Okawaru
   103 | D        | Reached skill level 6 in Ranged Weapons
   103 | D        | Reached XP level 2. HP: 24/25 MP: 1/1
   113 | D        | Reached skill level 7 in Ranged Weapons
   113 | D        | Reached skill level 1 in Armour
   381 | D        | Noticed a necrophage
   394 | D        | Killed a necrophage
   395 | D        | Reached skill level 9 in Ranged Weapons
   395 | D        | Reached XP level 3. HP: 23/33 MP: 2/2
   395 | D        | Reached XP level 4. HP: 28/40 MP: 3/3
   686 | D        | Noticed a phantom
   686 | D        | Noticed a lemure
   686 | D        | Noticed a gnoll sergeant
   687 | D        | Noticed a lemure
   688 | D        | Noticed Pikel
   688 | D        | Noticed a lemure
   692 | D        | Noticed a lemure
   698 | D        | Killed a phantom
   698 | D        | Reached * piety under Okawaru
   698 | D        | Noticed an ice beast
   699 | D        | Reached skill level 10 in Ranged Weapons
   699 | D        | Reached XP level 5. HP: 12/47 MP: 4/4
   710 | D        | Reached skill level 5 in Fighting
   715 | D        | Reached skill level 1 in Stealth
   731 | D        | Killed Pikel
   731 | D        | Reached ** piety under Okawaru
   732 | D        | Reached skill level 11 in Ranged Weapons
   732 | D        | Reached skill level 5 in Dodging
   732 | D        | Reached XP level 6. HP: 6/61 MP: 5/5
   732 | D        | Reached XP level 7. HP: 7/68 MP: 6/6
   969 | D        | Reached *** piety under Okawaru
  1185 | D        | Noticed a black mamba
  1193 | D        | HP: 2/69 [black mamba (15)]
  1198 | D        | Demolished by a black mamba

Illustrated notes

Levels and vault maps discovered:
D:        pitsprint [storerooms_1, entrance_room_1, metal_vault_5, armoury_2,
          mini_pit_1, grid_room_1, main_hall_1, silver_pit, the_coven_3,
          the_vestibule_1, steel_vault_1, golden_pit, hallway_of_sentries,
          crystal_vault_6, iron_vault_2, final_vault]

Skill      XL: |  1  2  3  4  5  6  7 |
---------------+----------------------+-----
Ranged Weapons | 6 9 10 11 | 11.4
Fighting       | 4 8 |  8.8
Armour         | 2 4 8 |  8.3
Long Blades    | 2 3 8 9 |  9.2
Dodging        | 3 5 6 |  6.4
Stealth        | 1 |  1.8
Invocations    | |  0.8

Action                     |  1- 3 |  4- 6 |  7- 9 || total
---------------------------+-------+-------+-------++-------
  Melee: Falchion          |    14 |     2 |     9 ||    25
         Headbutt          |     3 |     7 |     6 ||    16
         Punch             |     2 |       |     1 ||     3
         Long sword        |       |    25 |    21 ||    46
   Fire: Shortbow          |    20 |     3 |    12 ||    35
 Invoke: Heroism           |       |     1 |       ||     1
    Use: Potion            |       |     6 |     3 ||     9
         Scroll            |       |       |     1 ||     1
   Stab: Sleeping          |       |       |     2 ||     2
 Armour: Leather armour    |     4 |     3 |     6 ||    13
  Dodge: Dodged            |    16 |    30 |    20 ||    66

Table legend: (Time is in decaauts)
 A = Elapsed time spent in this place.
 B = Non-inter-level travel time spent in this place.
 C = Inter-level travel time spent in this place.
 D = Time resting spent in this place.
 E = Time spent auto-exploring this place.
 F = Levels seen in this place.
 G = Mean time per level.
                   A        B        C        D        E       F      G
               +--------+--------+--------+--------+--------+-----+--------+
         Total |   1215 |   1196 |     19 |    874 |      0 |   1 | 1215.0 |
       Dungeon |   1215 |   1196 |     19 |    874 |      0 |   1 | 1215.0 |
               +--------+--------+--------+--------+--------+-----+--------+

Top non-repeatable levels by time:
       D: 1215 daAuts
